 Dungeon Crawl Stone Soup version 0.17.0-22-g5edae84 (webtiles) character file.

2973 TruthSerum the Ruffian (level 9, -3/89 HPs)
             Began as a Troll Monk on Nov 13, 2015.
             Was an Elder of Okawaru.
             Slain by Erica
             ... wielding a +1 scimitar of flaming
              (4 damage)
             ... on level 8 of the Dungeon.
             The game lasted 00:24:25 (5094 turns).

TruthSerum the Ruffian (Troll Monk)                 Turns: 5094, Time: 00:24:25

Health: -3/89      AC:  8    Str: 19    XL:     9   Next: 53%
Magic:  10/10      EV: 14    Int:  6    God:    Okawaru [****..]
Gold:   20         SH:  0    Dex: 17    Spells: 0 memorised, 8 levels left

rFire  . . .     SeeInvis .       - Unarmed
rCold  . . .     Clarity  .     a - +2 robe
rNeg   . . .     SustAt   .     (no shield)
rPois  .         Gourm    +     (helmet restricted)
rElec  .         Spirit   .     p - +0 cloak
rCorr  .         Warding  .     (gloves unavailable)
rMut   .         Stasis   .     (boots unavailable)
MR     .....                    (no amulet)
Stlth  ++........               (no ring)
                                (no ring)

@: not resistant to hostile enchantments, unstealthy
A: unfitting armour, claws 3, thin skeletal structure 1, fast metabolism 3,
gourmand, regeneration 2, shaggy fur 1, tough skin 2, weak 1, evolution 1
a: Heroism, Renounce Religion


You were on level 8 of the Dungeon.
You worshipped Okawaru.
Okawaru was greatly pleased with you.
You were completely stuffed.

You visited 2 branches of the dungeon, and saw 9 of its levels.
You also visited: Sewer.

You collected 336 gold pieces.
You spent 316 gold pieces at shops.

Inventory:

Armour
 a - a +2 robe (worn)
 p - a +0 cloak (worn)
Wands
 x - a wand of draining (11)
Scrolls
 h - a scroll of teleportation
 m - 2 scrolls of fear
 w - 3 scrolls of remove curse
Potions
 c - 2 potions of curing
 f - 3 potions of invisibility
 j - a potion of agility
 o - 3 potions of resistance
 s - 2 potions of heal wounds
 u - 2 potions of might {unknown}
 B - a potion of brilliance {unknown}
 D - 2 potions of ambrosia {unknown}
 E - a potion of flight {unknown}
 F - a potion of berserk rage {unknown}
Books
 r - a book of Enchantments

   Spells                             Type                      Level
   a - Cause Fear                     Hexes                        4
   b - Silence                        Hexes/Air                    5
   c - Deflect Missiles               Charms/Air                   6
   d - Haste                          Charms                       6
   e - Discord                        Hexes                        8
Comestibles
 b - 11 bread rations
 d - a chunk of flesh
 i - 7 fruits
 k - a meat ration
 v - 3 beef jerkies
 A - 7 slices of pizza
 C - a royal jelly


   Skills:
 + Level 6.0 Fighting
 - Level 3.9 Armour
 + Level 6.1 Dodging
 - Level 1.1 Stealth
 * Level 7.9 Unarmed Combat
 + Level 3.5 Invocations


You had 8 spell levels left.
You didn't know any spells.

Dungeon Overview and Level Annotations

Branches:
Dungeon (8/15)             Temple (1/1) D:4
   Lair: D:8-11

Altars:
Ashenzari
Cheibriados
Dithmenos
Fedhas
Gozag
Kikubaaqudgha
Makhleb
Nemelex Xobeh
Okawaru
Qazlal
Ru
Sif Muna
Trog
Vehumet
Xom
Yredelemnul

Shops:
D:5 }   D:6 !(   D:7 *

Annotations:
D:8 Erica


Innate Abilities, Weirdness & Mutations

You are too large for most types of armour.
You have claws for hands.
Your metabolism is lightning-fast.
You like to eat raw meat.
You heal very quickly.
You are covered in fur (AC +1).
You have very tough skin (AC +2).
You have a somewhat thin skeletal structure (Dex +2, Stealth).
You are weak. (Str -2)
You evolve.


Message History

You miss something. Something hits you but does no damage.
You claw something! You scratch something.
Something hits you but does no damage.
You scratch something. Something hits you!
* * * LOW HITPOINT WARNING * * *
Something burns you.
* * * LOW HITPOINT WARNING * * *
You scratch something.
You hear some strange, mumbled words.
A bolt of poison appears from out of thin air!
The bolt of poison misses you.
You closely miss something. You scratch something but do no damage.
Something hits you!
* * * LOW HITPOINT WARNING * * *
Something burns you.
* * * LOW HITPOINT WARNING * * *
You miss something. Something hits you!
* * * LOW HITPOINT WARNING * * *
Something burns you.
You die...

#..#⌠#..
####..###.#
####.........
.............##
...............##
................##
.................##
#.................#
#...........@....#
#...........{...#
#...............#
#....<..........#
##................
#..............###
##...............
#...........###.
##.........##


There were no monsters in sight!

Vanquished Creatures
  Joseph (D:7)
  A wraith (D:8)
  A yak (D:7)
  A human (D:7)
  A hungry ghost (D:7)
  An ice beast (D:5)
  Purgy (Sewer)
  An orc warrior (D:7)
  A sky beast (D:6)
  A black bear (D:6)
  2 ogres
  3 phantoms
  A centaur (D:5)
  A necrophage (D:7)
  3 giant frogs
  2 scorpions
  A water moccasin zombie (D:7)
  2 jellies
  3 hounds
  An orc priest (D:5)
  5 orc wizards
  2 worker ants
  A centaur skeleton (D:5)
  3 iguanas
  3 sheep (D:7)
  A hound skeleton (D:4)
  7 adders
  A river rat (D:5)
  A shadow imp (D:7)
  An adder zombie (D:6)
  4 worms
  5 giant geckos
  13 orcs
  5 ball pythons
  4 bats
  7 giant cockroaches
  5 goblins
  6 hobgoblins
  10 jackals
  6 kobolds
  5 giant newts
  A jackal skeleton (D:8)
  13 rats
138 creatures vanquished.

Notes
Turn   | Place    | Note
--------------------------------------------------------------
     0 | D:1      | TruthSerum the Troll Monk began the quest for the Orb.
     0 | D:1      | Reached XP level 1. HP: 22/22 MP: 0/0
   131 | D:1      | Reached XP level 2. HP: 29/29 MP: 1/1
   602 | D:2      | Reached XP level 3. HP: 28/36 MP: 2/2
   669 | D:2      | Reached skill level 1 in Armour
  1070 | D:2      | Reached XP level 4. HP: 44/44 MP: 3/3
  1247 | D:3      | Found a burning altar of Makhleb.
  1430 | D:3      | Reached XP level 5. HP: 50/53 MP: 4/4
  1734 | D:4      | Found a bloodstained altar of Trog.
  1737 | D:4      | Reached skill level 5 in Unarmed Combat
  1858 | D:4      | Noticed an ogre
  1864 | D:4      | Killed an ogre
  1864 | D:4      | Reached XP level 6. HP: 61/61 MP: 5/5
  1882 | D:4      | Noticed a phantom
  1908 | D:4      | Killed a phantom
  2010 | D:4      | Found a stormy altar of Qazlal.
  2020 | D:4      | Found a shattered altar of Ashenzari.
  2021 | D:4      | Found a sacrificial altar of Ru.
  2114 | D:4      | You fall through a shaft for 2 floors!
  2217 | D:5      | Entered Level 5 of the Dungeon
  2239 | D:5      | Found a glowing drain.
  2279 | Sewer    | Entered a sewer
  2387 | Sewer    | Noticed Purgy
  2395 | Sewer    | Killed Purgy
  2395 | Sewer    | Reached XP level 7. HP: 51/68 MP: 6/6
  2552 | D:5      | Reached skill level 6 in Unarmed Combat
  2670 | D:4      | Found a staircase to the Ecumenical Temple.
  2675 | Temple   | Entered the Ecumenical Temple
  2680 | Temple   | Became a worshipper of Warmaster Okawaru
  2680 | Temple   | Reached * piety under Okawaru
  2680 | Temple   | Reached ** piety under Okawaru
  2736 | D:4      | Found an opulent altar of Gozag.
  2955 | D:5      | Found Inaiw's Gadget Emporium.
  3094 | D:5      | Reached XP level 8. HP: 72/79 MP: 7/7
  3387 | D:5      | Found an ancient bone altar of Kikubaaqudgha.
  3388 | D:5      | Found a blossoming altar of Fedhas.
  3520 | D:6      | Found Ekual's Antique Weapon Shoppe.
  3779 | D:6      | Found Oshuceb's Distillery.
  3786 | D:6      | Bought a potion of heal wounds for 70 gold pieces
  3786 | D:6      | Bought a potion of heal wounds for 70 gold pieces
  3786 | D:6      | Bought a potion of heal wounds for 70 gold pieces
  4117 | D:6      | Reached skill level 5 in Dodging
  4318 | D:7      | Reached skill level 5 in Fighting
  4369 | D:7      | Reached skill level 1 in Invocations
  4377 | D:7      | Noticed Joseph
  4385 | D:7      | Reached *** piety under Okawaru
  4391 | D:7      | Killed Joseph
  4391 | D:7      | Reached skill level 7 in Unarmed Combat
  4396 | D:7      | Reached XP level 9. HP: 39/88 MP: 7/9
  4530 | D:7      | Reached **** piety under Okawaru
  4789 | D:7      | Found Farul's Assorted Antiques.
  4804 | D:7      | Bought 2 viscous black potions for 43 gold pieces
  4804 | D:7      | Bought a fizzy green potion for 21 gold pieces
  4804 | D:7      | Bought a viscous silvery potion for 21 gold pieces
  4804 | D:7      | Bought a gluggy blue potion for 21 gold pieces
  5019 | D:7      | Gained mutation: You are weak. (Str -2) [potion of mutation]
  5019 | D:7      | Gained mutation: You evolve. [potion of mutation]
  5019 | D:7      | Gained mutation: You have a somewhat thin skeletal structure (Dex +2, Stealth). [potion of mutation]
  5063 | D:8      | Noticed Erica
  5094 | D:8      | HP: 1/89 [something (10)]
  5094 | D:8      | Slain by Erica

Action                   |  1- 3 |  4- 6 |  7- 9 || total
-------------------------+-------+-------+-------++-------
Melee: Unarmed           |   104 |   150 |   244 ||   498
Invok: Heroism           |       |       |     1 ||     1
  Use: Scroll            |       |       |    14 ||    14
       Potion            |       |       |     4 ||     4
 Stab: Sleeping          |     3 |     5 |       ||     8
       Distracted        |       |       |     1 ||     1
  Eat: Chunk             |    15 |    10 |    37 ||    62
